 Dungeon Crawl Stone Soup version 0.30-a0-322-g102857c98e (webtiles) character file.

Game seed: 11450745831265730339

379 lesbiats the Conjurer (level 6, -7/52 HPs)
             Began as a Draconian Conjurer on Oct 28, 2022.
             Mangled by a mummy (14 damage)
             ... in an ossuary.
             The game lasted 00:14:37 (2866 turns).

lesbiats the Conjurer (Draconian Conjurer)          Turns: 2866, Time: 00:14:38

Health: -7/52      AC:  7    Str:  9    XL:     6   Next: 45%
Magic:  9/12       EV: 12    Int: 20    God:
Gold:   243        SH:  0    Dex: 10    Spells: 10/13 levels left

rFire   . . .      SeeInvis .    l - +2 whip (drain)
rCold   . . .      Faith    .    (no shield)
rNeg    . . .      Spirit   .    (body armour unavailable)
rPois   .          Reflect  .    (helmet restricted)
rElec   .          Harm     .    (no cloak)
rCorr   .          Rampage  .    (no gloves)
Will    .....                    k - +0 pair of boots
Stlth   ++........               d - amulet of magic regeneration
HPRegen 0.28/turn                (no ring)
MPRegen 0.53/turn                (no ring)

@: no status effects
A: AC +6, unfitting armour, cold-blooded
a: no special abilities


You were in an ossuary.
You visited 1 branch of the dungeon, and saw 4 of its levels.
You also visited: Ossuary.

You collected 243 gold pieces.

Inventory:

Hand Weapons
 g - a +2 quarterstaff of draining
 l - a +2 whip of draining (weapon)
 n - a +1 dagger of flaming
Armour
 k - a +0 pair of boots (worn)
Magical Staves
 e - a staff of earth
 o - a staff of death
 q - a staff of fire
Jewellery
 d - an amulet of magic regeneration (around neck)
Wands
 r - a wand of flame (13)
Scrolls
 c - 2 scrolls of silence {unknown}
 h - 2 scrolls of teleportation {unknown}
 i - a scroll of torment {unknown}
 j - 3 scrolls of identify {unknown}
 m - a scroll of poison {unknown}
 s - a scroll of summoning {unknown}
Potions
 a - a potion of magic
 b - 2 potions of brilliance {unknown}
 f - 3 potions of heal wounds
 p - a potion of curing {unknown}


   Skills:
 + Level 4.0 Fighting
 - Level 1.7 Dodging
 - Level 1.7 Stealth
 + Level 4.0 Spellcasting
 + Level 5.5 Conjurations


You had 10 spell levels left.
You knew the following spells:

 Your Spells              Type           Power      Damage    Failure   Level
a - Magic Dart            Conj           100%       1d8       1%          1
b - Searing Ray           Conj           52%        2d6       1%          2

Your spell library contained the following spells:

 Spells                   Type           Power      Damage    Failure   Level
 Dazzling Flash           Conj/Hex       30%        N/A       12%         3
 Beastly Appendage        Tmut           8%         N/A       13%         1
 Wereblood                Tmut           4%         N/A       19%         2
 Spider Form              Tmut/Pois      4%         N/A       36%         3
 Fulminant Prism          Conj/Hex       7%         3d7       38%         4
 Iskenderun's Mystic Bla  Conj/Tloc      15%        2d5       38%         4


Dungeon Overview and Level Annotations

Branches:
Dungeon (4/15)            Ossuary (1/1)
 Temple: D:4-7

Altars:
Qazlal
Zin


Innate Abilities, Weirdness & Mutations

Your plain brown scales are hard. (AC +6)
You cannot fit into any form of body armour.
You are cold-blooded and may be slowed by cold attacks.


Message History

You miscast Magic Dart.
You are very lightly contaminated with residual magic.
Nothing appears to happen.
The centaur zombie closely misses you.
The centaur zombie kicks you but does no damage.
Casting: Magic Dart (safe; 1% risk of failure)
Confirm with . or Enter, or press ? or * to list all spells.
Aiming: Searing Ray (safe; 1% risk of failure)
Press: ? - help, Shift-Dir - straight line, f/p - centaur zombie
Aim: a centaur zombie (severely damaged, 100% to hit)
The searing ray hits the centaur zombie!
You destroy the centaur zombie! (Press . to maintain the ray.)
The mummy misses you. The mummy closely misses you.
Your Fighting skill increases to level 4!
Your Spellcasting skill increases to level 4!
Casting: Searing Ray (safe; 1% risk of failure)
Confirm with . or Enter, or press ? or * to list all spells.
Restarting spell: Searing Ray (safe; 1% risk of failure)
Press: ? - help, Shift-Dir - straight line, f - mummy
Aim: a mummy (lightly damaged, 90% to hit)
The searing ray hits the mummy.
The mummy is lightly damaged. (Press . to maintain the ray.)
The mummy hits you. The mummy hits you!
* * * LOW HITPOINT WARNING * * *
It was a potion of heal wounds.
You feel much better.
A hobgoblin zombie comes into view.
The mummy hits you!
You hit the mummy.
The mummy is moderately damaged.
The mummy hits you.
You barely miss the mummy.
The mummy is moderately damaged.
The mummy hits you!
Your magical contamination has completely faded away.
The mummy hits you!
* * * LOW HITPOINT WARNING * * *
The mummy hits you!
You die...

.......
##^....#
#.......
##....Z##
#.......
#^....#
#.....#
#...@.#
#..∩MM#
#.....#
#..∩..#
#.....#
#.....#
#.....#
#.....#
##...##


You could see 2 mummies and a hobgoblin zombie.

Vanquished Creatures
  Sigmund (D:2)
  A phantom (D:4)
  A centaur zombie (Ossuary)
  A hound (D:4)
  A mummy (Ossuary)
  2 adders
  An ufetubus (D:4)
  3 dart slugs
  2 orcs (D:3)
  3 ball pythons (D:3)
  3 endoplasms
  5 giant cockroaches
  5 goblins
  7 hobgoblins
  3 kobolds
  A quokka (D:2)
  5 bats
  4 frilled lizards
  A quokka zombie (D:4)
  2 rats
  A rat zombie (D:4)
53 creatures vanquished.

Vanquished Creatures (others)
  3 plants (D:3)
3 creatures vanquished.

Grand Total: 56 creatures vanquished

Notes
Turn   | Place    | Note
-------+----------+-------------------------------------------
     0 | D:1      | lesbiats the Draconian Conjurer began the quest for the
                  | Orb.
     0 | D:1      | Reached XP level 1. HP: 14/14 MP: 3/3
   235 | D:1      | Reached XP level 2. HP: 22/22 MP: 3/5
   259 | D:1      | Reached skill level 1 in Fighting
   435 | D:1      | Learned a level 2 spell: Searing Ray
  1183 | D:2      | Reached XP level 3. HP: 28/28 MP: 4/6
  1264 | D:2      | Noticed Sigmund
  2052 | D:3      | Found a stormy altar of Qazlal.
  2281 | D:3      | Found a faded altar of an unknown god.
  2395 | D:2      | Killed Sigmund
  2396 | D:2      | Reached skill level 5 in Conjurations
  2396 | D:2      | Reached XP level 4. HP: 9/38 MP: 9/9
  2396 | D:2      | Reached XP level 5. HP: 10/45 MP: 10/10
  2717 | D:4      | Found a glowing silver altar of Zin.
  2744 | D:4      | Noticed a phantom
  2769 | D:4      | Killed a phantom
  2770 | D:4      | Reached XP level 6. HP: 37/52 MP: 11/11
  2819 | D:4      | Found a sand-covered staircase.
  2843 | Ossuary  | Entered an ossuary
  2866 | Ossuary  | Mangled by a mummy

Illustrated notes

Levels and vault maps discovered:
D:1:      saegor_arrival_simple_a, layout_rooms
D:2:      layout_loops_corners, uniq_sigmund
D:3:      layout_rooms, nicolae_qazlal_general_emergency,
          shapermc_ecumenical_altar_pompeii, kennysheep_nub,
          guppyfry_early_lair_pool
D:4:      layout_loops_ring, mainiacjoe_overflow_alcove_2,
          pdpol_wu_jian_five_deadly_venoms, zin_statuary, enter_ossuary_4
Ossuary:  ossuary_the_hunt_dpeg

Skill      XL: |  1  2  3  4  5  6 |
---------------+-------------------+-----
Fighting       | 1 3 4 |  4.0
Spellcasting   | 3 4 |  4.0
Conjurations   | 5 |  5.5
Dodging        | |  1.7
Stealth        | |  1.7

Action                   |  1- 3 |  4- 6 || total
-------------------------+-------+-------++-------
Melee: Whip              |    24 |    44 ||    68
       Unarmed           |     2 |       ||     2
       Tailslap          |     2 |     5 ||     7
       Punch             |       |     1 ||     1
 Cast: Magic Dart        |    67 |    11 ||    78
       Searing Ray       |     2 |     3 ||     5
  Use: Potion            |       |     1 ||     1
 Stab: Sleeping          |       |     2 ||     2
Armor: Skin              |    15 |    23 ||    38
Dodge: Dodged            |    19 |    42 ||    61

Table legend: (Time is in decaauts)
 A = Elapsed time spent in this place.
 B = Non-inter-level travel time spent in this place.
 C = Inter-level travel time spent in this place.
 D = Time resting spent in this place.
 E = Time spent auto-exploring this place.
 F = Levels seen in this place.
 G = Mean time per level.
                   A        B        C        D        E       F      G
               +--------+--------+--------+--------+--------+-----+--------+
         Total |   2873 |   2225 |    648 |    875 |    672 |   5 |  574.6 |
       Dungeon |   2849 |   2201 |    648 |    875 |    672 |   4 |  712.2 |
       Ossuary |     23 |     23 |      0 |      0 |      0 |   1 |   23.0 |
               +--------+--------+--------+--------+--------+-----+--------+

Top non-repeatable levels by time:
     D:2: 1548 daAuts
     D:1: 597 daAuts
     D:3: 510 daAuts
     D:4: 193 daAuts
 Ossuary: 23 daAuts
